 Dungeon Crawl Stone Soup version 0.28.0 (webtiles) character file.

Game seed: 15501598518182510094

3392 Horrz the Grappler (level 9, -1/89 HPs)
             Began as a Troll Monk on Feb 15, 2022.
             Was a Priest of Ru.
             Slain by an orc warrior (27 damage)
             ... in a bailey on Feb 17, 2022.
             The game lasted 00:27:59 (6327 turns).

Horrz the Grappler (Troll Monk)                     Turns: 6327, Time: 00:27:59

Health: -1/89      AC:  5    Str: 21    XL:     9   Next: 75%
Magic:  0/8        EV: 14    Int:  6    God:    Ru [***...]
Gold:   452        SH:  0    Dex: 22    Spells: 8/8 levels left

rFire   . . .      SeeInvis .     - Unarmed
rCold   + . .      Faith    .   (no shield)
rNeg    . . .      Spirit   +   a - +0 robe
rPois   .          Reflect  .   (helmet restricted)
rElec   .          Harm     .   v - +0 cloak
rCorr   .          Rampage  .   (gloves unavailable)
Will    .....                   (boots unavailable)
Stlth   ++........              l - amulet of guardian spirit
HPRegen 1.04/turn               q - ring of protection from cold
MPRegen 0.11/turn               u - +6 ring of dexterity

@: unable to drink, unable to read
A: large, unfitting armour, claws 3, regeneration 1, shaggy fur 1, tough skin 1,
inability to drink while threatened, inability to read while threatened
a: Renounce Religion, Draw Out Power


You were in a bailey.
You worshipped Ru.
Ru was most pleased with you.
You visited 1 branch of the dungeon, and saw 9 of its levels.
You also visited: Bailey.

You collected 452 gold pieces.

Inventory:

Armour
 a - a +0 robe (worn)
 v - a +0 cloak (worn)
Jewellery
 l - an amulet of guardian spirit (around neck)
 q - a ring of protection from cold (left claw)
 u - a +6 ring of dexterity (right claw)
 x - a +6 ring of intelligence
Wands
 i - a wand of acid (12)
 z - a wand of flame (24)
 B - a wand of polymorph (13)
Scrolls
 b - 2 scrolls of noise {unknown}
 c - a scroll of immolation {unknown}
 d - 3 scrolls of enchant weapon {unknown}
 f - 7 scrolls of identify {unknown}
 h - a scroll of enchant armour {unknown}
 k - 2 scrolls of summoning {unknown}
 m - 3 scrolls of fear {unknown}
 o - 3 scrolls of magic mapping {unknown}
 r - 3 scrolls of teleportation {unknown}
 y - a scroll of torment {unknown}
Potions
 e - 3 potions of mutation {unknown}
 g - 3 potions of heal wounds
 j - 6 potions of curing {unknown}
 n - 3 potions of resistance {unknown}
 p - a potion of berserk rage {unknown}
 s - 3 potions of attraction {unknown}
 t - 5 potions of haste
 w - 2 potions of magic {unknown}
 A - a potion of might {unknown}
 C - 2 potions of cancellation {unknown}
 D - 3 potions of invisibility {unknown}


   Skills:
 + Level 6.1 Fighting
 + Level 6.7 Dodging
 - Level 1.0 Stealth
 + Level 10.1 Unarmed Combat


You had 8 spell levels left.
You didn't know any spells.
Your spell library contained the following spells:

 Spells                   Type           Power      Damage    Failure   Level
 Sublimation of Blood     Necr           0%         N/A       58%         2
 Gell's Gravitas          Tloc           0%         N/A       83%         3
 Lesser Beckoning         Tloc           0%         N/A       83%         3
 Teleport Other           Tloc           0%         N/A       83%         3
 Petrify                  Tmut/Erth      0%         N/A       99%         4
 Irradiate                Conj/Tmut      0%         3d13      100%        5


Dungeon Overview and Level Annotations

Branches:
Dungeon (9/15)             Bailey (1/1)
 Temple: D:4-7         Lair: D:8-11         Orc: D:9-12

Altars:
Cheibriados
Hepliaklqana
Ru
Sif Muna
Trog
Vehumet
Wu Jian
Xom

Shops:
D:6 (


Innate Abilities, Weirdness & Mutations

You are too large for most types of armour.
You have claws for hands.
Your natural rate of healing is unusually fast.
You are covered in fur. (AC +1)
You have tough skin. (AC +1)
You sometimes lose the ability to drink potions when taking damage.
You sometimes lose the ability to read scrolls when taking damage.


Message History

You feel threatened and lose the ability to drink potions!
The orc warrior hits you from afar with a +0 spear!
The orc knight hits you from afar with a +0 glaive!!
* * * LOW HITPOINT WARNING * * *
There is an open door, spattered with blood here.
The orc warrior closely misses you.
There is an open door here.
The orc warrior no longer looks unusually strong.
The orc knight curses loudly.
The orc warrior closely misses you.
The orc knight roars a battlecry!
The orc warrior goes into a battle-frenzy!
The orc warrior completely misses you.
Things that are here:
a +0 halberd; a +0 chain mail; an orc corpse
Items here: ))) ÷ †.
Things that are here:
a +0 spear; a +0 ring mail; an orc corpse You can drink potions again.
The orc warrior closely misses you.
You closely miss the orc warrior.
The orc warrior is moderately wounded.
The orc warrior hits you with a +0 spear.
The orc warrior hits you with a +0 spear!!
You feel threatened and lose the ability to drink potions!
* * * LOW HITPOINT WARNING * * *
Things that are here:
a +0 halberd; a +0 chain mail; an orc skeleton The orc warrior completely misses you.
Items here: ))) ÷÷.
You can drink potions again.
The orc warrior misses you.
Things that are here:
a +0 spear; a +0 ring mail; an orc skeleton You scratch the orc warrior.
The orc warrior is moderately wounded.
The orc warrior misses you.
The orc warrior hits you from afar with a +0 glaive!!
You feel threatened and lose the ability to drink potions!
You die...

#######
##..∩..##
#.......#
#∩.....∩#
#.......#
#.......#
#..#.#..#
#@##8##.#
#o)#.#..#
#.)o....#
#.......#
#.......#
##.....##
###'###
#...#
#...#


You could see 2 orc warriors.

Vanquished Creatures
  A cyclops (D:8)
  Grinder (D:4)
  A wraith (D:6)
  A wyvern (D:8)
  A water moccasin (D:9)
  3 orc warriors
  A sky beast (D:5)
  A necrophage (D:5)
  4 ogres
  A kobold brigand (D:8)
  3 bullfrogs
  7 scorpions
  2 howler monkeys
  A bullfrog zombie (D:5)
  A centaur skeleton (D:5)
  6 hounds
  3 bullfrog skeletons
  3 orc priests
  4 iguanas
  A killer bee zombie (D:6)
  A howler monkey zombie (D:9)
  8 gnolls
  13 adders
  3 white imps
  A worm (D:3)
  3 dart slugs (D:1)
  29 orcs
  4 endoplasms
  A giant cockroach (D:3)
  8 goblins
  8 hobgoblins
  8 jackals
  3 quokkas
  11 ball pythons
  10 bats
  3 frilled lizards
  10 kobolds
  5 rats
175 creatures vanquished.

Vanquished Creatures (others)
  5 fungi (D:7)
5 creatures vanquished.

Grand Total: 180 creatures vanquished

Notes
Turn   | Place    | Note
-------+----------+-------------------------------------------
     0 | D:1      | Horrz the Troll Monk began the quest for the Orb.
     0 | D:1      | Reached XP level 1. HP: 22/22 MP: 0/0
   176 | D:1      | Reached XP level 2. HP: 29/29 MP: 1/1
   316 | D:1      | Found a faded altar of an unknown god.
   895 | D:2      | Reached XP level 3. HP: 36/36 MP: 2/2
  1929 | D:3      | Found a shimmering blue altar of Sif Muna.
  1956 | D:3      | Reached skill level 4 in Unarmed Combat
  1956 | D:3      | Reached XP level 4. HP: 44/44 MP: 3/3
  2445 | D:4      | Found a sacrificial altar of Ru.
  2453 | D:4      | Found a bloodstained altar of Trog.
  2457 | D:4      | Found an ornate altar of the Wu Jian Council.
  2479 | D:4      | Reached XP level 5. HP: 37/52 MP: 1/4
  2493 | D:4      | Became a worshipper of Ru the Awakened
  2514 | D:4      | Gained mutation: You sometimes lose the ability to drink
                  | potions when taking damage. [Ru sacrifice]
  2514 | D:4      | Reached * piety under Ru
  2556 | D:4      | Reached skill level 5 in Unarmed Combat
  2667 | D:4      | Noticed Grinder
  2683 | D:4      | Killed Grinder
  2684 | D:4      | Reached skill level 6 in Unarmed Combat
  2684 | D:4      | Reached XP level 6. HP: 35/61 MP: 1/5
  2887 | D:4      | Reached XP level 7. HP: 63/67 MP: 4/6
  2934 | D:4      | Found a shimmering altar of Xom.
  2973 | D:4      | Found a hazy altar of Hepliaklqana.
  3140 | D:5      | Entered Level 5 of the Dungeon
  3220 | D:5      | Reached skill level 7 in Unarmed Combat
  3487 | D:5      | HP: 1/67 [ogre (9)]
  3556 | D:5      | Reached skill level 8 in Unarmed Combat
  3556 | D:5      | Reached XP level 8. HP: 31/75 MP: 2/7
  4376 | D:6      | Reached skill level 5 in Dodging
  4430 | D:6      | Found Qesi's Weapon Boutique.
  4552 | D:6      | Reached skill level 9 in Unarmed Combat
  4700 | D:6      | You fall into a shaft and drop 3 floors!
  4708 | D:9      | Found a snail-covered altar of Cheibriados.
  4758 | D:9      | Reached skill level 5 in Fighting
  4758 | D:9      | Reached XP level 9. HP: 88/88 MP: 6/8
  4865 | D:8      | Found a radiant altar of Vehumet.
  4866 | D:8      | Gained mutation: You sometimes lose the ability to read
                  | scrolls when taking damage. [Ru sacrifice]
  4866 | D:8      | Reached ** piety under Ru
  4866 | D:8      | Reached *** piety under Ru
  5374 | D:8      | Noticed a cyclops
  5386 | D:8      | Noticed a two-headed ogre
  5405 | D:8      | Killed a cyclops
  5721 | D:7      | Reached skill level 10 in Unarmed Combat
  5847 | D:7      | Found a flagged portal.
  5879 | Bailey   | Entered a bailey
  6253 | Bailey   | Noticed an orc knight
  6327 | Bailey   | Slain by an orc warrior

Illustrated notes

Levels and vault maps discovered:
D:1:      mrwooster_arrival_statue, layout_basic,
          chequers_ecumenical_altar_twisty
D:2:      layout_basic
D:3:      layout_loops_cross, nicolae_overflow_hidden_temple,
          mainiacjoe_overflow_paths, minmay_fountain_box, hex_large
D:4:      layout_basic, worldfamousw_hep_ancestral_shrine,
          lemuel_coloured_pillars_altar, grunt_temple_overflow_open,
          kennysheep_generic_room_13, uniq_grinder
D:5:      layout_loops_ring, st_stairs_2
D:6:      layout_basic, nemelex_dance_club_becter, serial_shops, shop,
          chequers_serial_rivers_room_a
D:7:      old_forge, layout_loops_ring, mainiacjoe_overflow_alcove_2,
          minmay_temple_entry_wispy, enter_bailey_5
D:8:      layout_loops_ring, vehumet_altar_wand_db, small_statue_intersection,
          lightli_corner_chamber
D:9:      minmay_weird_star, layout_stronghold, cheibriados_altar_1,
          mainiacjoe_overflow_small_starburst, uniq_harold
Bailey:   bailey_polearm_5, bailey

Skill      XL: |  1  2  3  4  5  6  7  8  9 |
---------------+----------------------------+-----
Dodging        | 3 4 5 6 |  6.7
Unarmed Combat | 4 6 8 9 10 | 10.1
Fighting       | 3 5 6 |  6.1
Stealth        | |  1.0

Action                   |  1- 3 |  4- 6 |  7- 9 || total
-------------------------+-------+-------+-------++-------
Melee: Unarmed           |   108 |    77 |   287 ||   472
       Punch             |       |       |    13 ||    13
Invok: Sacrifice Drink   |       |     1 |       ||     1
       Sacrifice Words   |       |       |     1 ||     1
  Use: Potion            |       |       |     2 ||     2
 Stab: Sleeping          |     6 |     4 |     2 ||    12
Armor: Robe              |    43 |    12 |    52 ||   107
Dodge: Dodged            |    61 |    51 |   237 ||   349
